Map: New Repugnancy LE

Players

Quaterno - Winner!

  • Race: Zerg Zerg
  • League: Master
  • Spawn Location: 1:00

Rook

  • Race: Terran Terran
  • League: Diamond
  • Spawn Location: 7:00

VOD

Have the link to the VOD?

Description

Time

  • Played on: March 5, 2019, 12:05 p.m.
  • Length: 17:06
Show
View Real Time Build Order
Export as new Build Order

Quaterno Zerg - Winner!

Build Orders: Hatch First, Roach Nydus 

Get SALT Encoding   

  12  0:00  Drone  
  13  0:13  Overlord  
  13  0:17  Drone  
  14  0:32  Drone x2  
  16  0:49  Hatchery  
  15  0:52  Drone  
  15  0:55  Drone  
  17  0:59  Drone  
  18  1:09  Extractor  
  17  1:14  Spawning Pool  
  17  1:17  Drone  
  17  1:20  Drone  
  18  1:29  Drone  
  20  1:40  Drone  
  20  1:51  Overlord  
  20  2:01  Queen x2  
  20  2:02  Zergling x4  
  26  2:12  Drone x2  
  28  2:23  Drone x2  
  30  2:33  Overlord  
  30  2:37  Queen  
  30  2:42  Lair  
  32  2:45  Drone x3  
  35  2:52  Roach Warren  
  34  2:59  Drone x2  
  36  3:11  Drone x2  
  38  3:16  Drone x2  
  40  3:24  Queen  
  40  3:26  Overlord x3  
  42  3:29  Extractor  
  41  3:44  Nydus Network  
  41  3:46  Roach x4  
  48  3:55  Roach  
  50  3:57  Roach  
  50  3:59  Overlord  
  52  4:05  Queen  
  54  4:13  Roach x2  
  54  4:14  Roach  
  60  4:23  Nydus Canal  
  60  4:29  Roach x2  
  64  4:38  Nydus Canal  
  62  5:00  Roach x3  
  66  5:11  Overlord x3  
  66  5:18  Overseer  
  60  5:28  Queen x2  
  56  5:39  Roach x8  
  56  5:53  Drone x3  
  59  6:06  Hatchery  
  59  6:07  Ravager x2  
  60  6:19  Overlord x2  
  60  6:20  Drone x2  
  62  6:32  Drone x2  
  62  6:33  Ravager  
  62  6:34  Ravager  
  62  6:35  Overlord x2  
  62  6:37  Queen x2  
  68  6:53  Drone x2, Overseer  
  70  6:59  Drone  
  70  7:00  Evolution Chamber, Drone  
  70  7:01  Evolution Chamber  
  70  7:03  Extractor  
  67  7:13  Drone x5  
  72  7:16  Queen  
  72  7:17  Queen  
  72  7:22  Drone x2  
  78  7:24  Extractor  
  78  7:26  Zerg Missile Weapons Level 1  
  78  7:27  Zerg Ground Armor Level 1  
  78  7:28  Drone x2  
  78  7:29  Drone  
  80  7:30  Drone x2  
  80  7:35  Overlord  
  80  7:36  Overlord  
  82  7:43  Drone  
  83  7:44  Drone x2  
  85  7:56  Roach x6  
  85  7:58  Glial Reconstitution  
  97  8:07  Roach x3  
  97  8:08  Roach  
  97  8:10  Overseer  
  105  8:16  Roach x3  
  111  8:26  Roach  
  111  8:27  Roach x4  
  121  8:38  Overlord  
  121  8:46  Overlord  
  121  8:47  Overlord  
  121  8:55  Queen  
  121  9:00  Roach x3  
  121  9:02  Overlord x4  
  129  9:20  Roach x6  
  141  9:25  Zerg Missile Weapons Level 2  
  141  9:30  Zerg Ground Armor Level 2  
  141  9:34  Extractor  
  141  9:35  Infestation Pit  
  141  9:36  Drone x2  
  141  9:37  Hatchery  
  140  9:38  Drone  
  140  9:39  Drone  
  142  10:02  Nydus Canal  
  142  10:13  Roach x9  
  142  10:14  Roach  
  162  10:22  Overlord x3  
  136  10:44  Roach x9  
  122  10:59  Roach x3  
  98  11:15  Roach x4  
  106  11:18  Nydus Canal  
  106  11:22  Roach x2  
  106  11:25  Queen  
  112  11:32  Nydus Canal  
  104  11:35  Roach x4  
  104  11:44  Drone x5  
  109  11:56  Roach x5  
  119  12:01  Hive  
  107  12:12  Roach x10  
  111  12:20  Spire, Extractor  
  111  12:21  Extractor  
  104  12:27  Queen  
  104  12:28  Drone  
  104  12:29  Drone x4  
  112  12:30  Drone x6  
  112  12:34  Extractor  
  116  12:38  Drone  
  117  12:52  Roach x9  
  135  13:12  Roach x10  
  155  13:13  Hatchery  
  155  13:18  Drone x2  
  155  13:19  Drone x4  
  160  13:22  Ravager x3  
  160  13:23  Ravager x4  
  167  13:33  Greater Spire  
  167  13:35  Zerg Missile Weapons Level 3  
  167  13:50  Zerg Ground Armor Level 3  
  167  14:02  Overlord  
  167  14:03  Corruptor x5  
  167  14:04  Corruptor  
  179  14:13  Corruptor x3  
  181  14:47  Brood Lord x4  
  181  14:48  Brood Lord x2  
  181  14:52  Brood Lord  
  195  15:00  Brood Lord  
  195  15:04  Overlord x2  
  195  15:06  Brood Lord  
  193  15:35  Extractor  
  188  15:37  Extractor  
  177  15:46  Roach  
  177  15:47  Roach x9  
  197  15:55  Corruptor  
  191  16:26  Corruptor x4  
Show
View Real Time Build Order
Export as new Build Order

Rook Terran 

Build Orders: Reaper Expand 

Get SALT Encoding   

  12  0:01  SCV  
  13  0:13  SCV  
  14  0:17  Supply Depot  
  14  0:25  SCV  
  15  0:39  SCV  
  15  0:41  Barracks  
  16  0:46  Refinery  
  16  0:51  SCV  
  17  1:03  SCV  
  18  1:15  SCV  
  19  1:29  Orbital Command  
  19  1:30  Reaper  
  20  1:47  Command Center  
  20  1:57  SCV  
  20  1:58  Supply Depot  
  21  2:03  Marine  
  22  2:10  SCV  
  22  2:14  Factory  
  23  2:19  Refinery  
  23  2:23  SCV  
  23  2:25  Barracks Reactor  
  24  2:35  SCV  
  25  2:47  SCV  
  26  2:59  SCV  
  26  3:01  Orbital Command  
  27  3:13  Barracks Tech Lab  
  27  3:17  Starport  
  27  3:19  SCV  
  28  3:23  Hellion  
  28  3:24  Supply Depot, Hellion  
  32  3:29  SCV  
  35  3:34  Marauder  
  35  3:36  Stimpack  
  35  3:37  SCV  
  36  3:41  SCV  
  37  3:53  SCV  
  37  3:54  Barracks  
  38  3:56  Factory Tech Lab, Viking  
  38  4:00  Marauder  
  42  4:06  Supply Depot  
  42  4:09  SCV x2  
  44  4:16  Siege Tank  
  47  4:20  Supply Depot  
  47  4:21  SCV  
  47  4:29  Marauder  
  47  4:30  SCV  
  50  4:34  Starport Reactor  
  50  4:40  Barracks  
  50  4:42  SCV  
  51  4:49  Orbital Command  
  46  5:00  Marauder  
  46  5:01  Siege Tank  
  46  5:06  Bunker  
  48  5:11  Supply Depot  
  48  5:12  SCV  
  49  5:14  Marine  
  49  5:15  Marine  
  51  5:27  Starport Reactor  
  50  5:32  Marine x2  
  50  5:33  Marauder  
  51  5:37  SCV x2  
  51  5:49  SCV  
  53  5:50  SCV  
  53  6:00  Supply Depot  
  53  6:02  SCV  
  54  6:04  Engineering Bay  
  54  6:08  Engineering Bay  
  54  6:15  SCV, Siege Tank, Marine x2  
  54  6:16  Marauder  
  62  6:21  SCV, Medivac, Marine x2, Supply Depot  
  67  6:35  Supply Depot  
  67  6:36  Supply Depot  
  67  6:38  Supply Depot  
  67  6:46  Marine x3  
  70  6:56  Marine  
  70  6:58  Marine  
  70  7:00  Siege Tank  
  75  7:08  SCV  
  75  7:10  Orbital Command  
  76  7:17  Marauder  
  78  7:26  Supply Depot  
  78  7:28  Supply Depot  
  78  7:40  SCV  
  78  7:41  SCV  
  80  7:47  Marine x5  
  80  7:48  Medivac x2  
  89  7:52  Terran Infantry Weapons Level 1  
  89  7:53  SCV x2  
  91  8:04  Refinery x2, Supply Depot  
  91  8:06  Supply Depot  
  91  8:12  Terran Infantry Armor Level 1  
  91  8:14  SCV x2  
  91  8:15  Marine x5  
  98  8:32  Marine, Medivac  
  98  8:33  Marine x2  
  103  8:34  SCV x2  
  105  8:43  Command Center  
  105  8:50  SCV x2  
  105  8:53  Supply Depot  
  105  8:54  Marine  
  105  8:55  Marine, Supply Depot  
  109  9:02  SCV  
  110  9:07  Marine x3  
  113  9:15  Barracks  
  113  9:17  Barracks  
  113  9:22  SCV x2  
  115  9:26  Marine x5  
  118  9:52  Marauder, Marine x4  
  119  9:59  SCV x2  
  122  10:02  Armory  
  122  10:05  Barracks Tech Lab  
  122  10:06  Barracks Reactor  
  122  10:10  Marine x2  
  113  10:20  Marauder, Marine  
  117  10:27  Marine  
  108  10:38  Marine  
  108  10:40  Marauder  
  108  10:41  Marauder  
  105  10:45  Marine  
  93  10:52  SCV x2  
  93  10:53  Marine x2  
  93  10:54  Siege Tank  
  93  10:55  Marine  
  99  11:00  Marine  
  99  11:02  Marine  
  99  11:03  Marine  
  92  11:04  SCV x2  
  92  11:05  Orbital Command  
  90  11:11  Marine  
  90  11:12  Marine  
  90  11:13  Marine  
  90  11:16  SCV  
  94  11:19  Marauder  
  94  11:21  Marauder, Marine  
  97  11:29  Marine  
  90  11:40  Marauder  
  90  11:42  Marauder, Marine x3  
  96  11:47  Marine  
  96  11:48  Starport  
  96  11:50  Barracks  
  96  12:00  Marine x2  
  96  12:02  Marauder  
  91  12:13  Marauder, Marine x2  
  91  12:14  Siege Tank  
  98  12:17  Marine x2  
  100  12:23  Marauder  
  100  12:25  Starport Reactor  
  102  12:30  Terran Infantry Weapons Level 2  
  102  12:31  Refinery, Terran Infantry Armor Level 2, Marine  
  102  12:34  Marauder  
  105  12:38  Marine x2  
  105  12:39  Marine  
  105  12:40  Barracks Reactor  
  105  12:44  Refinery  
  108  12:48  SCV x2, Supply Depot x2  
  108  12:49  Supply Depot  
  108  12:50  Supply Depot  
  110  12:56  Command Center  
  110  13:01  SCV x2  
  110  13:02  SCV  
  110  13:03  Marauder x2, Marine x4  
  121  13:05  Medivac  
  121  13:06  Medivac  
  121  13:09  Siege Tank  
  121  13:11  Supply Depot x2  
  121  13:12  Supply Depot  
  128  13:21  Marine  
  128  13:25  Sensor Tower  
  129  13:30  Sensor Tower  
  129  13:32  Supply Depot  
  129  13:33  SCV x3  
  132  13:34  Marine x2, Supply Depot  
  132  13:35  Marauder x2, Marine x2  
  132  13:38  Combat Shield  
  140  13:52  Marine  
  140  13:53  Marine x3  
  144  13:56  Marauder x2  
  144  14:02  SCV x3  
  151  14:16  Command Center  
  151  14:29  SCV x3  
  151  14:30  Marauder x2, Marine x6  
  167  14:31  Siege Tank  
  166  14:41  SCV  
  167  14:47  Marine  
  167  14:48  Medivac  
  167  14:49  Medivac  
  167  14:51  Marauder  
  174  15:14  Marauder x2, Marine x6  
  181  15:31  Marine  
  181  15:32  Marine  
  161  15:37  Viking x2  
  159  15:48  Marine x6  
  159  15:49  Thor, Marine x2  
  139  16:06  Marine x4  
  126  16:15  Marine x4  
  127  16:23  Marine  
  127  16:24  Marine  
  126  16:31  Marine x2  
  130  16:33  Marine x2, Viking x2  
Tags
 
Add a new tag
Caveats
  • Supply blocks, unpowered buildings, or Contaminate may cause inaccurate times.
  • Supply counts are checked every 10 seconds.